[Event "Team 45 45 League T46"]
[Site "Internet Chess Club"]
[Date "2010.09.05"]
[Round "5"]
[White "SeniorCitizen"]
[Black "wekabird"]
[Result "1-0"]
[WhiteElo "1298"]
[BlackElo "1224"]
[Opening "Caro-Kann: exchange variation"]
[ECO "B13"]
[Time "04:00:20"]
[TimeControl "2700+45"]

1. e4 c6 2. d4 d5 3. exd5 cxd5 4. Nc3 e6 5. Nf3 Nd7 6. Be2 Ngf6 7. O-O Be7 8.
Bd2 a6 9. Qc1 Nb6 10. Re1 Qc7 11. Bf4 Bd6 12. Bxd6 Qxd6 13. Qg5 O-O 14. Bd3 Qd8
15. Ne2 Nc4 16. Bxc4 dxc4 17. c3 Bd7 18. Ng3 Bc6 19. Ne5 h6 20. Qd2 Bd5 21. Re3
Nd7 22. Nxd7 Qxd7 23. Nh5 Qe7 24. Rg3 g6 25. Qxh6 f5 26. Rxg6+ Kf7 27. Nf6 Rg8
28. Qh7+ Kf8 29. Qxg8# {Black checkmated} 1-0

[Event "Team 45 45 League T46"]
[Site "Internet Chess Club"]
[Date "2010.09.03"]
[Round "5"]
[White "guyd52"]
[Black "lawth3"]
[Result "1-0"]
[WhiteElo "1218"]
[BlackElo "1088"]
[Opening "Réti opening"]
[ECO "A04"]
[Time "06:00:08"]
[TimeControl "2700+45"]

1. Nf3 Nc6 2. g3 e5 3. d3 Nf6 4. Bg2 d5 5. O-O Be6 6. Nbd2 Be7 7. e4 h5 8. exd5
Bxd5 9. Re1 Bd6 10. c4 Be6 11. Ng5 Qd7 12. Nxe6 fxe6 13. Nf3 O-O-O 14. b3 Rdg8
15. Bb2 Ng4 16. h3 Nf6 17. Bxe5 Nxe5 18. Nxe5 Qe8 19. h4 g5 20. Nf3 gxh4 21.
Nxh4 Ng4 22. Bh3 Kb8 23. Re4 Nf6 24. Rxe6 Qf7 25. Qf3 Rf8 26. Bg2 c6 27. Rxd6
Qg7 28. Qf4 Ka8 29. Be4 Ne8 30. Rd8# {Black checkmated} 1-0

[Event "Team 45 45 League T46"]
[Site "Internet Chess Club"]
[Date "2010.09.03"]
[Round "5"]
[White "Cicero"]
[Black "hcarstens"]
[Result "1-0"]
[WhiteElo "1313"]
[BlackElo "1274"]
[Opening "French: Labourdonnais variation"]
[ECO "C00"]
[Time "20:30:10"]
[TimeControl "2700+45"]

1. e4 e6 2. f4 d5 3. e5 c5 4. Nf3 Nc6 5. c3 Nge7 6. Na3 Nf5 7. g3 Bd7 8. Nc2 c4
9. b4 cxb3 10. axb3 Qb6 11. d4 Na5 12. Rb1 Nxb3 13. Na1 Ba4 14. Nxb3 Qc7 15. Bd2
Be7 16. g4 Nh4 17. g5 Nxf3+ 18. Qxf3 h6 19. f5 Bxg5 20. fxe6 fxe6 21. Bd3 Bf4
22. Qh5+ Qf7 23. Bg6 Bxd2+ 24. Nxd2 O-O 25. Bxf7+ Rxf7 26. Rf1 Be8 27. Rxf7 Bxf7
28. Qg4 b6 29. Ke2 Rb8 30. Nb3 a6 31. Nc5 Rc8 32. Nxe6 Rxc3 33. Qxg7# {Black
checkmated} 1-0

[Event "Team 45 45 League T46"]
[Site "Internet Chess Club"]
[Date "2010.09.06"]
[Round "5"]
[White "WilmaP"]
[Black "Graybeard"]
[Result "1-0"]
[WhiteElo "1143"]
[BlackElo "1160"]
[Opening "Ruy Lopez: Anderssen variation"]
[ECO "C77"]
[Time "14:30:19"]
[TimeControl "2700+45"]

1. e4 e5 2. Nf3 Nc6 3. Bb5 a6 4. Ba4 Nf6 5. d3 d6 6. c3 g6 7. Bg5 Bg7 8. Nbd2
O-O 9. d4 exd4 10. cxd4 b5 11. Bc2 Bg4 12. h3 Bxf3 13. Nxf3 Qe8 14. O-O Nxe4 15.
Re1 d5 16. Bf4 Qe7 17. Bb3 Rad8 18. Rc1 Rd6 19. Bxd6 Qxd6 20. Bc2 Bh6 21. Rb1
Re8 22. Ra1 Qb4 23. b3 Nd2 24. Rxe8+ Kg7 25. Nxd2 Bxd2 26. Qg4 Qc3 27. Qd1 Nxd4
28. Re7 Nxc2 29. Rc1 Bxc1 30. Qxc1 d4 31. Qf4 d3 32. Rxf7+ Kg8 33. Rf8+ Kg7 34.
Qf7+ Kh6 35. Qf4+ Kg7 36. Rf7+ Kg8 37. Rxc7 Qe1+ 38. Kh2 Qe8 39. Qf6 Nb4 40.
Qg7# {Black checkmated} 1-0

[Event "Team 45 45 League T46"]
[Site "Internet Chess Club"]
[Date "2010.09.04"]
[Round "5"]
[White "rubo"]
[Black "RayF"]
[Result "0-1"]
[WhiteElo "1691"]
[BlackElo "1825"]
[Opening "Bird's opening"]
[ECO "A03"]
[Time "23:07:02"]
[TimeControl "2700+45"]

1. f4 d5 2. Nf3 g6 3. e3 Bg7 4. d4 Nf6 5. c4 Bg4 6. Nc3 Nc6 7. cxd5 Nxd5 8. Be2
O-O 9. O-O e6 10. Bd2 Nce7 11. Ne5 Bxe2 12. Qxe2 Nf5 13. Rac1 Rc8 14. Nd3 c6 15.
Nxd5 exd5 16. Bc3 Re8 17. Rf3 Nxd4 18. Bxd4 Bxd4 19. Qd2 Bg7 20. Re1 f5 21. Qb4
Qb6 22. Qxb6 axb6 23. b3 b5 24. Kf1 Ra8 25. Rf2 Bc3 26. Rc1 Rxe3 27. Rxc3 d4
{White resigns} 0-1

[Event "Team 45 45 League T46"]
[Site "Internet Chess Club"]
[Date "2010.09.04"]
[Round "5"]
[White "Tamarin"]
[Black "Portola"]
[Result "1/2-1/2"]
[WhiteElo "1803"]
[BlackElo "1790"]
[Opening "QGD: Orthodox defense, Botvinnik variation"]
[ECO "D60"]
[Time "20:30:16"]
[TimeControl "2700+45"]

1. d4 d5 2. c4 e6 3. Nc3 Nf6 4. Bg5 Be7 5. e3 Nbd7 6. Nf3 O-O 7. Bd3 c6 8. O-O
dxc4 9. Bxc4 Nd5 10. Bxe7 Qxe7 11. e4 Nxc3 12. bxc3 e5 13. Re1 Kh8 14. Qc2 f6
15. Rad1 Nb6 16. Bb3 Bg4 17. Re3 Rad8 18. h3 Bd7 19. Qe2 c5 20. d5 Qd6 21. Nh4
Nc8 22. Qh5 Be8 23. Qg4 Ne7 24. Rg3 Rg8 25. Nf5 Nxf5 26. Qxf5 Bd7 27. Qh5 Rdf8
28. Rdd3 f5 29. exf5 Rxf5 30. Rg5 Rxg5 31. Qxg5 e4 32. Re3 Re8 33. Bc2 Re5 34.
Qd8+ Re8 35. Qg5 Re5 36. Qd8+ Re8 37. Qg5 Re5 {Game drawn by repetition} 1/2-1/2

[Event "Team 45 45 League T46"]
[Site "Internet Chess Club"]
[Date "2010.09.04"]
[Round "5"]
[White "megarook"]
[Black "AtomicDog"]
[Result "1-0"]
[WhiteElo "1560"]
[BlackElo "1514"]
[Opening "Nimzo-Indian: 4.e3"]
[ECO "E40"]
[Time "08:00:20"]
[TimeControl "2700+45"]

1. d4 Nf6 2. c4 e6 3. Nc3 Bb4 4. e3 d5 5. Nf3 Bxc3+ 6. bxc3 b6 7. Bd3 c5 8. Ba3
Nbd7 9. O-O O-O 10. cxd5 exd5 11. Rb1 Re8 12. c4 dxc4 13. Bxc4 Ne4 14. Qb3 Qf6
15. Bb5 a6 16. Bxd7 Bxd7 17. Qxb6 Re6 18. Qb7 Bc6 19. Qxa8+ Re8 20. Rb8 Qe6 21.
Rxe8+ {Black resigns} 1-0

[Event "Team 45 45 League T46"]
[Site "Internet Chess Club"]
[Date "2010.09.08"]
[Round "5"]
[White "Kallistos"]
[Black "Yedixon"]
[Result "1-0"]
[WhiteElo "1710"]
[BlackElo "1654"]
[Opening "Petrov three knights game"]
[ECO "C42"]
[Time "14:11:19"]
[TimeControl "2700+45"]

1. e4 e5 2. Nf3 Nf6 3. Nc3 Bb4 4. Nxe5 Qe7 5. d4 d6 6. Nd3 Nxe4 7. Qe2 Bxc3+ 8.
bxc3 Nxc3 9. Qxe7+ Kxe7 10. Kd2 Ne4+ 11. Ke3 d5 12. f3 Nd6 13. Kf2 Nc6 14. Nf4
Be6 15. c3 Rhe8 16. Bd3 g6 17. Re1 Kd7 18. Ba3 Nc4 19. Bxc4 Nxd4 20. Nxd5 Nc2
21. Bb2 Nxe1 22. Nf6+ Ke7 23. Nxe8 Nc2 24. Bxe6 Rxe8 25. Rc1 {Black resigns} 1-0

[Event "Team 45 45 League T46"]
[Site "Internet Chess Club"]
[Date "2010.09.06"]
[Round "5"]
[White "xt"]
[Black "Signalman"]
[Result "1-0"]
[WhiteElo "1627"]
[BlackElo "1528"]
[Opening "Philidor: Improved Hanham variation"]
[ECO "B07"]
[Time "13:24:56"]
[TimeControl "2700+45"]

1. e4 d6 2. d4 Nf6 3. Nc3 Nbd7 4. Nf3 e5 5. dxe5 dxe5 6. Bg5 c6 7. Bxf6 Qxf6 8.
Bc4 Be7 9. O-O O-O 10. Ne2 Nc5 11. Ng3 Rd8 12. Qe2 Bg4 13. h3 Bxf3 14. Qxf3 Qxf3
15. gxf3 Rd2 16. Rac1 Bg5 17. b4 Rd4 18. Bxf7+ Kxf7 19. c3 Bxc1 20. cxd4 Ba3 21.
dxc5 Bxb4 22. Rc1 Rd8 23. Rc2 Rd2 24. Rxd2 Bxd2 25. Nf5 b6 26. cxb6 axb6 27.
Nd6+ Ke6 28. Nc4 Ba5 29. Kf1 c5 30. Ke2 g5 31. Kd3 h6 32. Nxa5 bxa5 33. Kc4 Kf6
34. Kxc5 Kg6 35. a4 Kf6 36. Kb5 Ke6 37. Kxa5 Kd6 38. Kb6 Kd7 39. Kb7 Ke7 40. a5
Kf6 41. a6 Kg6 42. a7 Kh5 43. a8=Q {Black resigns} 1-0

[Event "Team 45 45 League T46"]
[Site "Internet Chess Club"]
[Date "2010.09.04"]
[Round "5"]
[White "CKNIGHT3"]
[Black "rahulr"]
[Result "0-1"]
[WhiteElo "1518"]
[BlackElo "1458"]
[Opening "King's Indian: Sämisch variation"]
[ECO "E80"]
[Time "12:00:30"]
[TimeControl "2700+45"]

1. d4 Nf6 2. c4 g6 3. Nc3 Bg7 4. e4 d6 5. f3 Nbd7 6. Be3 O-O 7. Qd2 e5 8. d5 a5
9. O-O-O b6 10. g4 Nc5 11. h4 a4 12. h5 Bd7 13. hxg6 fxg6 14. Bh6 Rf7 15. Nh3
Ra5 16. Ng5 Bxh6 17. Rxh6 Qa8 18. Nxf7 Kxf7 19. g5 a3 20. b4 Nb3+ 21. axb3 a2
22. Nxa2 Rxa2 23. Qc3 Qa3+ 24. Kb1 Ba4 25. Rd3 Bxb3 26. Qxb3 Ra1+ 27. Kc2 Qc1#
{White checkmated} 0-1

[Event "Team 45 45 League T46"]
[Site "Internet Chess Club"]
[Date "2010.09.05"]
[Round "5"]
[White "supraholic"]
[Black "chicopee-ed"]
[Result "1-0"]
[WhiteElo "1323"]
[BlackElo "1330"]
[Opening "King's pawn opening"]
[ECO "B07"]
[Time "12:04:56"]
[TimeControl "2700+45"]

1. e4 d6 2. Nf3 Nf6 3. Nc3 c6 4. d4 Bg4 5. Be2 Bxf3 6. Bxf3 d5 7. e5 Nfd7 8. O-O
e6 9. Ne2 c5 10. c3 Nc6 11. Bd2 Qb6 12. Qc2 cxd4 13. Nxd4 Ncxe5 14. Rfe1 Nxf3+
15. Nxf3 h6 16. Be3 Bc5 17. Rad1 O-O 18. b4 Bxe3 19. Rxe3 Rac8 20. Qb2 Rc4 21.
Nd2 Rc7 22. Rg3 g6 23. c4 d4 24. Rh3 Kh7 25. Nf3 f6 26. Qd2 e5 27. Qxh6+ {Black
resigns} 1-0

[Event "Team 45 45 League T46"]
[Site "Internet Chess Club"]
[Date "2010.09.05"]
[Round "5"]
[White "Knight2night"]
[Black "dpmdpm"]
[Result "1/2-1/2"]
[WhiteElo "1172"]
[BlackElo "1446"]
[Opening "Sicilian: Najdorf, Opocensky variation"]
[ECO "B92"]
[Time "13:00:48"]
[TimeControl "2700+45"]

1. e4 c5 2. Nf3 d6 3. d4 cxd4 4. Nxd4 Nf6 5. Nc3 a6 6. Be2 e5 7. Nf3 b5 8. a3
Be7 9. O-O O-O 10. Bg5 Nbd7 11. Nd2 Bb7 12. Bd3 d5 13. exd5 Nxd5 14. Bxe7 Qxe7
15. Nxd5 Bxd5 16. Ne4 Nf6 17. Nxf6+ Qxf6 18. Bxh7+ Kxh7 19. Qxd5 Rad8 20. Qe4+
Kg8 21. Rad1 Rd6 22. Rxd6 Qxd6 23. f4 Qc5+ 24. Kh1 exf4 25. Rxf4 Rd8 {Game drawn
by mutual agreement} 1/2-1/2

[Event "Team 45 45 League T46"]
[Site "Internet Chess Club"]
[Date "2010.09.03"]
[Round "5"]
[White "bigdill"]
[Black "NewfieKnight"]
[Result "0-1"]
[WhiteElo "861"]
[BlackElo "1028"]
[Opening "Two knights defense (Modern bishop's opening)"]
[ECO "C55"]
[Time "19:00:30"]
[TimeControl "2700+45"]

1. e4 e5 2. Nf3 Nc6 3. Bc4 Nf6 4. d3 h6 5. O-O Bc5 6. Qe2 d6 7. Nc3 Be6 8. Nd5
Bg4 9. d4 Bxd4 10. Ne3 Nxe4 11. Bd3 f5 12. Nd5 Qd7 13. Bxe4 fxe4 14. Qb5 Bxf3
15. g3 O-O-O 16. c3 Qh3 17. Ne7+ Nxe7 {White resigns} 0-1

[Event "Team 45 45 League T46"]
[Site "Internet Chess Club"]
[Date "2010.09.11"]
[Round "5"]
[White "Toalla"]
[Black "MateIn42"]
[Result "0-1"]
[WhiteElo "1161"]
[BlackElo "1416"]
[Opening "Réti opening"]
[ECO "A05"]
[Time "16:14:12"]
[TimeControl "2700+45"]

1. Nf3 Nf6 2. g3 d5 3. Bg2 Nc6 4. d3 h6 5. O-O e5 6. Nbd2 Be6 7. e4 Qd7 8. c4
dxc4 9. Nxc4 Bxc4 10. dxc4 Rd8 11. Qxd7+ Rxd7 12. Nd2 Bb4 13. Rd1 O-O 14. a3 Bc5
15. b4 Bd4 16. Rb1 Ng4 17. Bb2 Nxf2 18. Rf1 Nxe4+ {White resigns} 0-1

[Event "Team 45 45 League T46"]
[Site "Internet Chess Club"]
[Date "2010.09.05"]
[Round "5"]
[White "The-Capitalist"]
[Black "ffplayer"]
[Result "1-0"]
[WhiteElo "1432"]
[BlackElo "1060"]
[Opening "Philidor's defense"]
[ECO "C41"]
[Time "21:00:54"]
[TimeControl "2700+45"]

1. e4 e5 2. Nf3 d6 3. d4 Bg4 4. dxe5 Bxf3 5. Qxf3 dxe5 6. Bc4 Nf6 7. Qb3 Qd7 8.
Qxb7 Bd6 9. Qxa8 O-O 10. Qxa7 Nxe4 11. Qe3 Qc6 12. Qd3 Bc5 13. O-O Qb6 14. Qxe4
Bd6 15. a4 Nd7 16. a5 Qa7 17. Nc3 Nf6 18. Qf5 e4 19. Bg5 Qd4 20. Bxf6 gxf6 21.
Qg4+ Kh8 22. Qxe4 Qxe4 23. Nxe4 {Black resigns} 1-0

[Event "Team 45 45 League T46"]
[Site "Internet Chess Club"]
[Date "2010.09.07"]
[Round "5"]
[White "Newcastler"]
[Black "bowwrestler"]
[Result "0-1"]
[WhiteElo "1310"]
[BlackElo "1194"]
[Opening "Queen's Indian: Riumin variation"]
[ECO "E16"]
[Time "12:00:14"]
[TimeControl "2700+45"]

1. d4 Nf6 2. c4 b6 3. Nf3 Bb7 4. g3 e6 5. Bg2 Bb4+ 6. Bd2 Be7 7. O-O O-O 8. Qc2
Ne4 9. Bf4 c5 10. dxc5 bxc5 11. Rd1 d6 12. Nbd2 Nxd2 13. Rxd2 Nc6 14. a3 Qc7 15.
Qc3 Bf6 16. Qd3 Ne5 17. Qxd6 Qxd6 18. Rxd6 Nxc4 19. Rd7 Bd5 20. Rc1 Bxb2 21. Rc2
Bxa3 22. e4 Bc6 23. Rc7 Na5 24. Ne5 Bb5 25. R7xc5 Bxc5 26. Rxc5 Rfb8 27. Rc7 Rb7
28. Rc3 f6 29. Nd3 Bxd3 30. Rxd3 Rb1+ 31. Bf1 e5 32. Bd2 Nc6 33. Rd6 Nd4 34. Kg2
a5 35. Bd3 Rd1 36. Bc4+ Kf8 37. Bc3 a4 38. Bb4 Ke8 39. Bb5+ Kf7 40. Rd7+ Kg6 41.
h4 a3 42. h5+ Kxh5 43. Bxa3 Rxa3 44. Bc4 Kh6 45. Kh3 Raa1 46. Kg4 Rd2 47. f3 Rf2
48. f4 Ne2 49. fxe5 fxe5 50. Rd6+ Rf6 51. Rxf6+ gxf6 52. Bxe2 Kg6 53. Bb5 h5+
54. Kf3 Kg5 55. Bd7 Ra7 56. Bc8 Rf7 57. Be6 Rf8 58. Bd7 Rd8 59. Be6 Rd3+ 60. Kf2
h4 61. gxh4+ Kxh4 62. Bc4 Rd4 63. Bd5 Kg4 64. Ke3 f5 65. exf5 Rxd5 66. Ke4 Rd7
67. Kxe5 Rf7 68. f6 Kg5 69. Ke6 Rxf6+ 70. Ke5 Kg6 71. Kd5 Kf5 72. Kd4 Re6 73.
Kd5 Kf6 74. Kd4 Re5 75. Kc4 Ke6 76. Kd4 Kd6 77. Kc4 Rd5 78. Kc3 Kc5 79. Kb3 Rd4
80. Kc2 Kc4 81. Kb2 Rd3 82. Kc2 Kd4 83. Kb2 Rc3 84. Ka1 Kc4 85. Kb2 Kb4 86. Ka2
Rb3 87. Ka1 Kc3 88. Ka2 Kc2 {White resigns} 0-1

[Event "Team 45 45 League T46"]
[Site "Internet Chess Club"]
[Date "2010.09.05"]
[Round "5"]
[White "KidRattler"]
[Black "carolinaknight"]
[Result "1-0"]
[WhiteElo "1082"]
[BlackElo "1265"]
[Opening "French: exchange variation"]
[ECO "C01"]
[Time "13:00:19"]
[TimeControl "2700+45"]

1. e4 e6 2. d4 d5 3. exd5 exd5 4. Qe2+ Be7 5. Bd2 Nf6 6. Bg5 O-O 7. Bxf6 Bxf6 8.
Qd3 c6 9. c3 Nd7 10. Be2 Nb6 11. Bd1 Nc4 12. Bc2 g6 13. b3 Bf5 14. Qe2 Re8 15.
Bxf5 Rxe2+ 16. Nxe2 gxf5 17. bxc4 dxc4 18. Nd2 b5 19. O-O Qd6 20. Ng3 Qd5 21.
Nh5 Bh8 22. Rfe1 c5 23. dxc5 Qxd2 24. Rad1 Qxc3 25. Re7 Qc2 26. Red7 Qxa2 27.
Rd8+ {Black resigns} 1-0

[Event "Team 45 45 League T46"]
[Site "Internet Chess Club"]
[Date "2010.09.04"]
[Round "5"]
[White "subterfuge"]
[Black "parrot9"]
[Result "1/2-1/2"]
[WhiteElo "1750"]
[BlackElo "1673"]
[Opening "Queen's gambit accepted"]
[ECO "D20"]
[Time "10:01:21"]
[TimeControl "2700+45"]

1. d4 d5 2. c4 dxc4 3. Nc3 e6 4. e4 Nf6 5. f3 a6 6. a4 c5 7. Be3 cxd4 8. Qxd4
Qxd4 9. Bxd4 Be7 10. Bxc4 Nc6 11. Bb6 Ne5 12. Be2 O-O 13. Nh3 Bd7 14. g4 Bc6 15.
O-O Nfd7 16. Be3 Bc5 17. Kf2 f5 18. exf5 exf5 19. g5 Ng4+ 20. fxg4 fxg4+ 21. Kg3
Bxe3 22. Bxg4 Ne5 23. Be6+ Kh8 24. Nf4 Bxf4+ 25. Rxf4 Rxf4 26. Kxf4 Nd3+ {Game
drawn by mutual agreement} 1/2-1/2

[Event "Team 45 45 League T46"]
[Site "Internet Chess Club"]
[Date "2010.09.03"]
[Round "5"]
[White "Invicta-Knight"]
[Black "Warpdrive"]
[Result "0-1"]
[WhiteElo "1545"]
[BlackElo "1626"]
[Opening "Vienna: Falkbeer variation"]
[ECO "C26"]
[Time "15:03:45"]
[TimeControl "2700+45"]

1. e4 Nf6 2. Nc3 e5 3. d4 Bb4 4. f3 Nc6 5. dxe5 Nxe5 6. Qd4 Nc6 7. Qe3 O-O 8.
Bd2 Re8 9. O-O-O d5 10. Qf2 dxe4 11. Bg5 Qe7 12. Nxe4 Bf5 13. Nxf6+ gxf6 14. Bh6
Rad8 15. Rxd8 Nxd8 16. Be2 Qc5 17. Qxc5 Bxc5 18. Bc4 Re1+ 19. Kd2 Rxg1 20. Rxg1
Bxg1 21. Bf4 c6 22. g4 Be6 23. Bd3 Bd5 24. Be2 Ne6 25. Bh6 Bxh2 26. Ke3 Bg1+ 27.
Kd3 b5 28. b3 Bh2 29. Kc3 Bf4 30. Bxf4 Nxf4 31. Bd1 c5 {White resigns} 0-1

[Event "Team 45 45 League T46"]
[Site "Internet Chess Club"]
[Date "2010.09.03"]
[Round "5"]
[White "Xanther"]
[Black "ElmerHo"]
[Result "0-1"]
[WhiteElo "1498"]
[BlackElo "1610"]
[Opening "Petrov: classical attack, Marshall variation"]
[ECO "C42"]
[Time "21:00:19"]
[TimeControl "2700+45"]

1. e4 e5 2. Nf3 Nf6 3. Nxe5 d6 4. Nf3 Nxe4 5. d4 d5 6. Bd3 Bd6 7. Nbd2 O-O 8.
Nxe4 dxe4 9. Bxe4 Re8 10. Qe2 Bf5 11. Bxf5 Rxe2+ 12. Kxe2 Nc6 13. Be3 g6 14. Bd3
Nb4 15. Be4 Qe8 16. Bd3 Nxd3 17. cxd3 Qb5 18. b3 Re8 19. Rac1 Qa5 20. Rc2 c6 21.
Rc4 Qxa2+ 22. Nd2 Qa5 23. Ra4 Qh5+ 24. Nf3 a6 25. h3 Qd5 26. b4 Qb5 27. Raa1
Bxb4 28. Rab1 a5 29. Nd2 Qd5 30. Nc4 Qxd4 31. Ra1 Qd8 32. Kd1 {White resigns}
0-1

[Event "Team 45 45 League T46"]
[Site "Internet Chess Club"]
[Date "2010.09.02"]
[Round "5"]
[White "houseofcook"]
[Black "Bible"]
[Result "1-0"]
[WhiteElo "1382"]
[BlackElo "1433"]
[Opening "Philidor: exchange variation"]
[ECO "C41"]
[Time "13:00:53"]
[TimeControl "2700+45"]

1. e4 e5 2. Nf3 d6 3. d4 exd4 4. Qxd4 Nc6 5. Bb5 Bd7 6. Bxc6 Bxc6 7. Nc3 Nf6 8.
Bg5 Be7 9. O-O-O O-O 10. Rhe1 Re8 11. h4 a6 12. g3 Bd7 13. Nh2 b5 14. e5 c5 15.
Qf4 Nh5 16. Bxe7 Rxe7 17. Qf3 g6 18. Ng4 Qc8 19. Nd5 Re8 20. Ngf6+ Kg7 21. Nxh5+
gxh5 22. Qf6+ Kg8 23. Ne7+ Rxe7 24. Qxe7 Be6 25. Rxd6 Qb8 26. Red1 Kg7 27. Qg5+
Kf8 28. Rd8+ Qxd8 29. Rxd8+ Rxd8 30. Qxd8+ Kg7 31. Qg5+ {Black resigns} 1-0

[Event "Team 45 45 League T46"]
[Site "Internet Chess Club"]
[Date "2010.09.05"]
[Round "5"]
[White "taldeital"]
[Black "JeeniousChess"]
[Result "0-1"]
[WhiteElo "1498"]
[BlackElo "1691"]
[Opening "Queen's bishop game"]
[ECO "D00"]
[Time "17:03:42"]
[TimeControl "2700+45"]

1. d4 d5 2. Bf4 Nf6 3. Nf3 c5 4. c3 Qb6 5. Qb3 c4 6. Qxb6 axb6 7. Na3 Nc6 8. Nb5
Ra5 9. a4 Bf5 10. e3 e6 11. Be2 Kd7 12. O-O Be7 13. Ng5 Rha8 14. Nc7 Rc8 15. Nb5
Bg6 16. Rfc1 Nh5 17. Nh3 Rca8 18. Bd1 Na7 19. Na3 b5 20. Bg5 Nf6 21. Nf4 Bf5 22.
Bxf6 gxf6 23. g4 Bg6 24. h4 bxa4 25. h5 Be4 26. f3 Bd3 27. Nxd3 cxd3 28. Kf2 b5
29. Ke1 b4 30. Nb1 Nb5 31. Kd2 b3 32. Kxd3 a3 33. Nxa3 Nxa3 34. Bxb3 Rb8 35.
bxa3 Rxb3 36. a4 Ra3 37. Rxa3 Bxa3 38. Rb1 Kc7 39. e4 Rxa4 40. exd5 exd5 41. Ra1
Kc6 42. Kc2 Ra7 43. Kd3 Ra5 44. Rb1 Bd6 45. Ke3 Ra3 46. Rc1 Kb5 47. Kd3 Bf4 48.
Rb1+ Kc6 49. Kc2 Ra2+ 50. Kb3 Rf2 51. Ra1 Kb6 52. Ra8 Rxf3 53. Rf8 Bd2 54. Kc2
Bxc3 55. Rb8+ Ka5 56. Rb3 Ka4 57. Rxc3 Rxc3+ 58. Kxc3 Ka3 59. Kd2 Kb3 60. Kd3
Kb4 61. h6 Kb3 62. Ke3 Kc3 63. Kf4 Kxd4 64. Kf5 Ke3 65. Kxf6 d4 66. Kxf7 Kf4 67.
Kg7 d3 68. Kxh7 d2 69. Kg6 d1=Q 70. h7 Qd3+ 71. Kh6 Qc3 72. Kg6 Kxg4 73. Kf7 Kf5
74. Kg8 Kg6 75. Kf8 Qc7 76. Ke8 Kxh7 77. Kf8 Kg6 78. Ke8 Kf6 {White resigns} 0-1

[Event "Team 45 45 League T46"]
[Site "Internet Chess Club"]
[Date "2010.09.07"]
[Round "5"]
[White "MarkNY"]
[Black "LazyPeon"]
[Result "1-0"]
[WhiteElo "1768"]
[BlackElo "1645"]
[Opening "Caro-Kann: Bronstein-Larsen variation"]
[ECO "B16"]
[Time "17:05:21"]
[TimeControl "2700+45"]

1. e4 c6 2. d4 d5 3. Nc3 dxe4 4. Nxe4 Nf6 5. Nxf6+ gxf6 6. c3 Bf5 7. Nf3 e6 8.
g3 Bd6 9. Bg2 Nd7 10. O-O Qc7 11. b4 O-O-O 12. a4 Bg4 13. Qb3 f5 14. c4 Rhg8 15.
c5 Be7 16. Bf4 e5 17. Nxe5 Nxe5 18. Bxe5 Qd7 19. b5 Rg6 20. bxc6 Rxc6 21. Qxf7
Re6 22. Rab1 b6 23. cxb6 axb6 24. Rfc1+ {Black resigns} 1-0

[Event "Team 45 45 League T46"]
[Site "Internet Chess Club"]
[Date "2010.09.04"]
[Round "5"]
[White "smsxman"]
[Black "BotanicalKnight"]
[Result "0-1"]
[WhiteElo "1533"]
[BlackElo "1591"]
[Opening "Caro-Kann defense"]
[ECO "B10"]
[Time "13:03:33"]
[TimeControl "2700+45"]

1. e4 c6 2. Nf3 d5 3. exd5 cxd5 4. d4 Nc6 5. Nc3 Bg4 6. Be2 e6 7. O-O Nf6 8. Bg5
Be7 9. Bh4 O-O 10. Bg3 a6 11. a3 b5 12. b4 Qb6 13. Ne5 Bf5 14. Nxc6 Qxc6 15. Qd2
Rfc8 16. Nd1 Ne4 17. Qe3 Qxc2 18. Bd3 Qb3 19. Bxe4 Qxe3 20. fxe3 Bxe4 21. Nf2
Bf5 22. Rfe1 Rc4 23. Rec1 Rac8 24. Rxc4 Rxc4 25. h3 Rc3 26. Nd1 Rc2 27. Bf2 Bd3
28. Bg3 Rd2 29. Rc1 Bc4 30. Ra1 Bb3 31. Nf2 Bg5 32. Rc1 Bc4 33. Nd1 h5 34. h4
Bh6 35. Bf2 Ra2 36. a4 Rxa4 37. Nb2 Rxb4 38. Nxc4 Rxc4 39. Ra1 Rc6 40. Kh2 Kh7
41. Kg3 Kg6 42. Kf3 Kf5 43. g3 g6 44. Be1 Bf8 45. Ba5 Bd6 46. Rb1 Bc7 47. Bb4 a5
48. Bc5 b4 49. Rf1 Kf6 50. g4 hxg4+ 51. Kxg4+ Kg7 52. h5 f5+ 53. Kg5 Bd8+ 54.
Kf4 g5+ 55. Kg3 Bb6 56. Be7 g4 57. Rh1 b3 58. Ba3 Rc3 59. Kf4 Bc7+ 60. Kg5 Rxe3
61. h6+ Kh7 62. Kf6 Bd8+ 63. Kf7 g3 64. Rg1 f4 65. Ke8 Bb6 66. Bb2 Re2 67. Bc1
Re4 68. Kf7 Bxd4 69. Rh1 b2 70. Bd2 g2 {White resigns} 0-1

[Event "Team 45 45 League T46"]
[Site "Internet Chess Club"]
[Date "2010.09.03"]
[Round "5"]
[White "vollmerj"]
[Black "IanT"]
[Result "0-1"]
[WhiteElo "1760"]
[BlackElo "1397"]
[Opening "Giuoco Piano"]
[ECO "C50"]
[Time "22:00:18"]
[TimeControl "2700+45"]

1. e4 e5 2. Nf3 Nc6 3. Bc4 Bc5 4. O-O d6 5. c3 Bg4 6. h3 Bh5 7. b4 Bb6 8. a4 a6
9. a5 Ba7 10. Be2 Nf6 11. d3 O-O 12. Be3 Bxe3 13. fxe3 d5 14. exd5 Nxd5 15. Qd2
Nf6 16. Na3 Bxf3 17. Bxf3 e4 18. Be2 exd3 19. Qxd3 Qxd3 20. Bxd3 Rfe8 21. Rfe1
Nd5 22. b5 axb5 23. Bxb5 Nxc3 24. Bxc6 bxc6 25. Nc4 Nd5 26. e4 Nc3 27. e5 Nb5
28. Nd2 Nd4 29. Re4 Nf5 30. Nb3 Ng3 31. Ree1 Nh5 32. a6 Nf4 33. Rec1 Ne2+ 34.
Kh2 Nxc1 35. Nxc1 Rxe5 36. Nd3 Rb5 37. a7 Rb7 38. Rc1 Rbxa7 39. Rxc6 h6 40. Ne5
Re8 41. Nd3 Re6 42. Rc2 Kf8 43. Nf4 Rd6 44. Ne2 Rda6 45. Nd4 Ra2 46. Rc3 Rd2 47.
Nb5 Raa2 48. Rg3 c6 49. Nc3 Ra3 50. Ne4 Rxg3 51. Kxg3 Rd5 52. Nc3 Rd3+ {White
resigns} 0-1

[Event "Team 45 45 League T46"]
[Site "Internet Chess Club"]
[Date "2010.09.06"]
[Round "5"]
[White "fuzzface"]
[Black "KidCopperhead"]
[Result "0-1"]
[WhiteElo "1386"]
[BlackElo "1421"]
[Opening "English: Caro-Kann defensive system"]
[ECO "A11"]
[Time "12:00:12"]
[TimeControl "2700+45"]

1. c4 c6 2. e3 e5 3. d4 e4 4. c5 b6 5. Nc3 Nf6 6. b4 d5 7. h3 a5 8. b5 bxc5 9.
bxc6 cxd4 10. Bb5 Qb6 11. c7+ Bd7 12. cxb8=Q+ Rxb8 13. Bxd7+ Nxd7 14. Na4 Bb4+
15. Bd2 Qb5 16. Bxb4 Qxb4+ 17. Kf1 Qc4+ 18. Ne2 d3 19. Nec3 O-O 20. Qd2 Nc5 21.
Nxc5 Qxc5 22. g3 Rfe8 23. Kg2 d4 24. Na4 Qc4 25. Qxa5 Ra8 26. Nb6 Qc7 27. Rhc1
Qxc1 28. Rxc1 Rxa5 29. Nc4 Rxa2 30. Rd1 dxe3 31. Nxe3 Rc8 32. Rb1 h6 33. g4 d2
34. Kg3 Kh7 35. Rf1 Ra3 36. Kf4 Rxe3 37. Kxe3 Rc1 38. Ke2 Rxf1 39. Kxd2 Rxf2+
40. Ke3 Rh2 41. Kxe4 Rxh3 42. Kf4 g5+ 43. Kf5 Rf3+ 44. Ke4 Rf4+ 45. Ke5 Rxg4
{White resigns} 0-1

[Event "Team 45 45 League T46"]
[Site "Internet Chess Club"]
[Date "2010.09.02"]
[Round "5"]
[White "medsurg"]
[Black "KidBoa"]
[Result "1-0"]
[WhiteElo "1289"]
[BlackElo "1266"]
[Opening "Scandinavian (center counter) defense"]
[ECO "B01"]
[Time "15:00:20"]
[TimeControl "2700+45"]

1. e4 d5 2. e5 d4 3. c3 Nc6 4. Bb5 Bd7 5. Nf3 Nxe5 6. Bxd7+ Nxd7 7. Nxd4 e5 8.
Qe2 Be7 9. Nf5 Nc5 10. d4 g6 11. Nxe7 Qxe7 12. dxc5 Qxc5 13. O-O O-O-O 14. Be3
Qc6 15. Na3 a6 16. Qc4 Qd5 17. Qe2 Ne7 18. Rfd1 Qe6 19. Nc4 Rxd1+ 20. Rxd1 b5
21. Na3 Qxa2 22. Bc5 Nc6 23. h3 Qe6 24. Nxb5 axb5 25. Qxb5 Rd8 26. Qa6+ Kb8 27.
Ra1 Rd1+ 28. Rxd1 Qc8 29. Qxc6 Qb7 30. Rd8+ Qc8 31. Qb5+ Ka8 32. Rxc8# {Black
checkmated} 1-0